 Dungeon Crawl Stone Soup version 0.19.1-1-g22dce08 (webtiles) character file.

236005 theAP the Warrior (level 19, -4/133 HPs)
             Began as a Gargoyle Fighter on Jan 11, 2017.
             Was an Initiate of Gozag.
             Slain by an entropy weaver (10 damage)
             ... on level 3 of the Spider Nest.
             The game lasted 02:11:52 (31101 turns).

theAP the Warrior (Gargoyle Fighter)               Turns: 31101, Time: 02:11:55

Health: -4/133     AC: -49   Str: 34    XL:     19   Next: 64%
Magic:  0/27       EV: 10    Int: 14    God:    Gozag
Gold:   2762       SH:  0    Dex: 16    Spells: 0 memorised, 18 levels left

rFire  . . .     SeeInvis .     x - +6 flail of a treasure trove {pain, rPois rN+ MR++}
rCold  + . .     Gourm    .     h - +9 plate armour
rNeg   + + +     Faith    .     q - +0 large shield of the Endless Dances {+Inv rPois Str+4}
rPois  ∞         Spirit   +     w - +2 hat of the Bear Spirit {Spirit, +Rage rN+ MR++}
rElec  +         Reflect  +     (no cloak)
rCorr  .         Harm     .     k - +2 pair of gloves {Str+3}
MR     ++++.                    B - +0 pair of boots
Stlth  ..........               S - amulet of Dithmenos's Generosity {Reflect MR- Str+2 Int+3 Dex+6 SH+5}
                                K - +3 ring of evasion
                                z - +5 ring of evasion

@: corroded, flying, very slightly contaminated, held, slowed, studying Short
Blades, very slow
A: big wings, hooves 1, cold resistance 1, negative energy resistance 1, sense
surroundings 2, electricity resistance, unbreathing, petrification resistance,
rot immunity, subdued magic 1, AC +13
a: Stop Flying, Potion Petition, Call Merchant, Bribe Branch, Renounce Religion,
Evoke Berserk Rage, Evoke Invisibility
}: 1/15 runes: decaying


You were on level 3 of the Spider Nest.
You worshipped Gozag.
Gozag was most pleased with you.
You were very hungry.

You visited 7 branches of the dungeon, and saw 30 of its levels.
You also visited: Labyrinth and Bailey.

You collected 12544 gold pieces.
You spent 3187 gold pieces at shops.
You paid 6595 gold pieces to Gozag.

Inventory:

Hand Weapons
 x - the +6 flail of a treasure trove (weapon) {pain, rPois rN+ MR++}
   (You bought it in a shop on level 1 of the Swamp)

   In the hands of one skilled in necromantic magic, it inflicts extra damage on
   living creatures.
   It protects you from poison.
   It protects you from negative energy.
   It affects your resistance to hostile enchantments.
 L - the +6 whip of the Hummingbird {slash, rPois rC+}
   (You found it on level 3 of the Spider Nest)

   It inflicts extra damage upon your enemies.
   It protects you from cold.
   It protects you from poison.
Armour
 h - a +9 plate armour (worn)
 k - a +2 pair of gloves of strength (worn)
 q - the +0 large shield of the Endless Dances (worn) {+Inv rPois Str+4}
   (You found it on level 8 of the Dungeon)

   It affects your strength (+4).
   It protects you from poison.
   It lets you turn invisible.
 w - the +2 hat of the Bear Spirit (worn) {Spirit, +Rage rN+ MR++}
   (You bought it in a shop on level 1 of the Swamp)

   It protects you from negative energy.
   It affects your resistance to hostile enchantments.
   It lets you go berserk.
 B - a +0 pair of boots (worn)
Jewellery
 z - a +5 ring of evasion (left hand)
 D - an uncursed amulet of magic regeneration
 I - an uncursed ring of magical power {unknown}
 K - a +3 ring of evasion (right hand)
 S - the amulet of Dithmenos's Generosity (around neck) {Reflect MR- Str+2 Int+3 Dex+6 SH+5}
   (You bought it in a shop on level 1 of the Elven Halls)

   [amulet of reflection]

   It shields you and reflects attacks.
   It affects your strength (+2).
   It affects your intelligence (+3).
   It affects your dexterity (+6).
   It affects your resistance to hostile enchantments.
   It affects your SH (+5).
Wands
 a - a wand of confusion (22/48)
 b - a wand of random effects (38/48)
 c - a wand of digging (11/24)
 r - a wand of digging (10/24)
 P - a wand of teleportation (6/9)
 X - a wand of hasting (3/9)
Scrolls
 e - 12 scrolls of identify
 g - 5 scrolls of teleportation
 j - 2 scrolls of holy word
 l - 2 scrolls of recharging
 m - 2 scrolls of brand weapon
 t - 3 scrolls of enchant weapon
 C - a scroll of fear
 G - 4 scrolls of magic mapping
 M - a scroll of amnesia
 U - 4 scrolls of blinking
 V - 9 scrolls of remove curse
Potions
 d - 3 potions of might
 o - 3 potions of resistance
 v - 3 potions of brilliance
 A - 3 potions of berserk rage
 F - 4 potions of curing
 H - a potion of cancellation
 J - a potion of ambrosia
 N - 2 potions of magic
 O - 5 potions of cure mutation
 T - 3 potions of agility
Books
 s - a manual of Short Blades
Miscellaneous
 i - a phial of floods
 u - a disc of storms
 y - a fan of gales
Comestibles
 f - 22 bread rations
 n - 6 slices of pizza
 p - 6 beef jerkies
 E - 3 meat rations


   Skills:
 + Level 19.3 Fighting
 - Level 14.9 Maces & Flails
 + Level 13.8 Armour
 + Level 8.3 Dodging
 - Level 17.7 Shields
 + Level 10.7 Evocations


You had 18 spell levels left.
You didn't know any spells.

Dungeon Overview and Level Annotations

Branches:
Dungeon (11/15)            Temple (1/1) D:5            Lair (6/6) D:10
  Swamp (4/4) Lair:4       Spider (3/4) Lair:4        Slime (0/5) Lair:6
    Orc (2/2) D:11            Elf (3/3) Orc:2

Altars:
Ashenzari
Cheibriados
Elyvilon
Fedhas
Gozag
Hepliaklqana
Makhleb
Okawaru
Qazlal
Ru
Sif Muna
Trog
Uskayaw
Vehumet
Xom
Yredelemnul
Zin
The Shining One
Jiyva

Shops:
D:5 }   D:7 %   D:10 [(?   Orc:2 [}}}   Elf:1 }=}   Elf:3 %:   Swamp:1 [(?


Innate Abilities, Weirdness & Mutations

You are resistant to torment.
Your stone body is resilient. (AC +13)
You are immune to poison.
Your large and strong wings let you fly indefinitely.
You resist negative energy. (rN+)
You are resistant to electric shocks. (rElec)
You can survive without breathing.
You are immune to petrification.
You are immune to rotting.
You have large cloven feet.
Your flesh is cold resistant. (rC+)
You passively map the area around you.
Your spells are a little easier to cast, but a little less powerful.


Message History

You are too injured to fight recklessly!
You are too injured to fight recklessly!
The entropy weaver gestures wildly while chanting.
The entropic weave corrodes you!
The entropy weaver mumbles some strange words.
The entropic weave corrodes you! You block the entropy weaver's attack.
The entropy weaver hits you!
* * * LOW HITPOINT WARNING * * *
You block the entropy weaver's attack. The entropy weaver closely misses you.
You are caught in the web!
There is a web here.
You struggle to detach yourself from the web.
The entropy weaver casts a spell.
The entropic weave corrodes you! The entropy weaver hits you!
* * * LOW HITPOINT WARNING * * *
The entropy weaver hits you!
* * * LOW HITPOINT WARNING * * *
The entropy weaver hits you!
You die...
Your body crumbles into a pile of gold.

#.# **, , , #a# *,
#.# * , , , #s# *
,* , , #w# , * , ,
#.# * , , #a# * ,
* * #a# #@# * ##
#.# , ,,,,.^ #.# *
# #.# # #.# # #^#
##
#.###############.
#.................
#################.


You could see an entropy weaver, a torpor snail, 2 soldier ants and a redback.

Vanquished Creatures
  A bone dragon (Swamp:4)
  Jorgrun (Swamp:2)
  2 deep elf blademasters (Elf:3)
  Asterion (Elf:2)
  A deep elf master archer (Elf:3)
  Kirke (Swamp:4)
  3 thorn hunters
  The ghost of HEYYEYAAE the Gelid, an adept DrIE of Okawaru (Spider:3)
  5 deep elf sorcerers (Elf:3)
  2 orc warlords
  3 emperor scorpions (Spider:2)
  2 deep elf elementalists (Elf:3)
  8 deep elf demonologists
  3 entropy weavers
  9 deep elf annihilators
  2 spark wasps (Spider:3)
  A minotaur (Lab)
  9 deep elf death magi
  A fire dragon (Lair:6)
  2 ogre magi (Orc:2)
  2 deep elf high priests
  11 hydras
  Erica (D:8)
  3 ghost crabs
  8 death yaks
  6 alligators
  An orc high priest (Orc:2)
  25 deep elf knights
  A large abomination (Elf:1)
  4 spriggan druids
  2 deep trolls (Orc:2)
  A shambling mangrove (Swamp:3)
  4 spectral hydras (Swamp:4)
  A swamp dragon (Swamp:4)
  6 orc knights
  4 hill giants
  11 deep elf archers
  44 deep elf magi
  5 necromancers (Elf:1)
  6 orb spiders
  26 wolf spiders
  An oklob plant (Swamp:4)
  2 cyclopes (Orc:2)
  An ugly thing (D:10)
  2 moths of wrath
  An orc sorcerer (Orc:1)
  9 elephants
  A guardian serpent (Lair:6)
  Joseph (D:8)
  Maurice (D:8)
  6 black mambas
  A torpor snail (Lair:6)
  17 spiny frogs
  5 demonic crawlers
  2 kobold demonologists (D:11)
  2 rime drakes
  6 swamp worm zombies (Swamp:4)
  8 komodo dragons
  4 hydra zombies (Swamp:4)
  A minotaur zombie (Lab)
  13 trolls
  A polar bear (Lair:5)
  28 jumping spiders
  5 tyrant leeches
  9 hornets
  8 bog bodies
  7 two-headed ogres
  8 slime creatures
  A dream sheep (shapeshifter) (Elf:3)
  4 dream sheep (Lair:5)
  7 blink frogs
  2 spectral swamp dragons (Swamp:4)
  4 alligator zombies (Swamp:4)
  10 hippogriffs
  12 tarantellas
  A water elemental (Elf:2)
  59 redbacks
  4 spriggans
  3 air elementals
  38 yaks
  A spriggan (shapeshifter) (Elf:1)
  10 wyverns (Lair:6)
  A basilisk (Lair:6)
  2 hogs (Swamp:4)
  3 wraiths
  2 fire elementals
  A hungry ghost (D:11)
  9 vampire mosquitoes
  17 insubstantial wisps
  2 steam dragons (Lair:6)
  3 mottled dragons (Lair:6)
  18 swamp worms
  5 wargs
  17 water moccasins
  3 soldier ants (Spider:3)
  8 porcupines
  2 swamp drakes
  3 ice beasts
  2 sky beasts
  36 orc warriors
  7 phantoms
  31 ogres
  3 swamp dragon zombies (Swamp:4)
  8 wolves
  7 centaurs
  16 crocodiles
  3 big kobolds (D:11)
  2 elf zombies (Elf:1)
  7 bullfrogs
  A wyvern zombie (D:8)
  An earth elemental (Elf:2)
  2 gnoll sergeants
  2 scorpions
  11 killer bees
  4 electric eels
  3 howler monkeys (D:8)
  2 crimson imps
  A quasit (D:10)
  A bullfrog zombie (D:9)
  4 centaur zombies
  18 orc priests
  7 hounds
  7 jellies
  2 bullfrog skeletons
  14 orc wizards
  6 iguanas
  5 hell rats (Lair:5)
  18 worker ants
  3 hound skeletons
  Robin (D:3)
  23 gnolls
  A worker ant zombie (D:11)
  25 adders
  A river rat (Lair:6)
  2 shadow imps
  7 oozes
  2 adder skeletons
  A worm (D:4)
  5 dart slugs
  A leopard gecko (D:5)
  83 orcs
  7 ball pythons (D:2)
  14 bats
  16 giant cockroaches
  34 goblins
  32 hobgoblins
  6 jackals (D:6)
  14 kobolds
  5 quokkas
  A ball python skeleton (D:6)
  5 frilled lizards
  10 rats
  2 briar patches (Swamp:3)
  A plant (D:10)
1165 creatures vanquished.

Vanquished Creatures (others)
  A deep elf master archer (Elf:3)
  Nessos (Lair:6)
  A hydra (Swamp:2)
  21 dancing weapons
  4 deep elf archers
  A phantasmal warrior (Swamp:4)
  A deep elf mage (Elf:2)
  A cyclops (D:11)
  A spiny frog (Lair:6)
  A jumping spider (Spider:2)
  A hornet (Swamp:2)
  A slime creature (Swamp:2)
  A spectral swamp dragon (Swamp:4)
  A swamp worm (Swamp:2)
  A centaur (D:7)
  An orc wizard (D:5)
  A swamp drake zombie (Swamp:4)
  2 orcs
  A briar patch (Swamp:3)
  29 fungi
  21 plants (Lair:6)
93 creatures vanquished.

Grand Total: 1258 creatures vanquished

Notes
Turn   | Place    | Note
-------+----------+-------------------------------------------
     0 | D:1      | theAP the Gargoyle Fighter began the quest for the Orb.
     0 | D:1      | Reached XP level 1. HP: 14/14 MP: 1/1
    18 | D:1      | Reached XP level 2. HP: 18/19 MP: 2/2
   381 | D:1      | Reached XP level 3. HP: 24/24 MP: 3/3
   728 | D:2      | Reached skill level 4 in Fighting
   815 | D:2      | Reached XP level 4. HP: 29/29 MP: 4/4
  1212 | D:2      | Reached XP level 5. HP: 34/34 MP: 5/5
  1339 | D:2      | Found a bloodstained altar of Trog.
  1339 | D:2      | Found an iron altar of Okawaru.
  1354 | D:2      | Found a glowing golden altar of the Shining One.
  1584 | D:3      | Found a stormy altar of Qazlal.
  1634 | D:3      | Noticed Robin
  1683 | D:3      | Killed Robin
  1786 | D:3      | Found a white marble altar of Elyvilon.
  1871 | D:3      | Reached XP level 6. HP: 40/40 MP: 6/6
  1994 | D:3      | Reached skill level 5 in Fighting
  2254 | D:4      | Reached skill level 5 in Maces & Flails
  2586 | D:4      | Noticed a sky beast
  2594 | D:4      | Killed a sky beast
  2912 | D:5      | Entered Level 5 of the Dungeon
  2940 | D:5      | Found Xijysmop's Gadget Emporium.
  2959 | D:5      | Found a deep blue altar of Sif Muna.
  2973 | D:5      | Reached XP level 7. HP: 44/44 MP: 7/7
  3532 | D:5      | Found a staircase to the Ecumenical Temple.
  3790 | Temple   | Entered the Ecumenical Temple
  3810 | Temple   | Became a worshipper of Gozag Ym Sagoz the Greedy
  3833 | D:5      | Reached skill level 6 in Fighting
  4016 | D:6      | HP: 2/46 [orc warrior/dire flail (7)]
  4036 | D:6      | Reached XP level 8. HP: 16/52 MP: 8/8
  4337 | D:6      | Found an opulent altar of Gozag.
  4410 | D:6      | Found a sacrificial altar of Ru.
  4499 | D:6      | Reached skill level 7 in Fighting
  4636 | D:6      | Found a hazy altar of Hepliaklqana.
  5264 | D:6      | Found a shimmering altar of Xom.
  5266 | D:6      | Found a stormy altar of Qazlal.
  5266 | D:6      | Found a glowing silver altar of Zin.
  5272 | D:6      | Found a blossoming altar of Fedhas.
  5272 | D:6      | Found a basalt altar of Yredelemnul.
  5272 | D:6      | Found a bloodstained altar of Trog.
  5364 | D:7      | Found a blossoming altar of Fedhas.
  5382 | D:7      | Reached XP level 9. HP: 47/59 MP: 9/9
  5412 | D:7      | Reached skill level 8 in Fighting
  5450 | D:7      | Found a shattered altar of Ashenzari.
  5789 | D:7      | Reached skill level 10 in Maces & Flails
  6022 | D:7      | Bought a slice of pizza for 19 gold pieces
  6022 | D:7      | Bought a beef jerky for 19 gold pieces
  6022 | D:7      | Bought a slice of pizza for 19 gold pieces
  6022 | D:7      | Bought 2 fruits for 39 gold pieces
  6245 | D:8      | Noticed Maurice
  6262 | D:8      | Reached skill level 9 in Fighting
  6399 | D:8      | Noticed Joseph
  6407 | D:8      | Killed Joseph
  6407 | D:8      | Reached XP level 10. HP: 66/66 MP: 10/10
  6524 | D:8      | Found a glowing silver altar of Zin.
  6524 | D:8      | Found a burning altar of Makhleb.
  6525 | D:8      | Noticed a balrug
  6525 | D:8      | Noticed an angel
  6581 | D:8      | Got a faintly glowing large shield
  6592 | D:8      | Identified the cursed +0 large shield of the Endless Dances {+Inv rPois Str+4} (You found it on level 8 of the Dungeon)
  6592 | D:8      | Noticed Erica
  6602 | D:8      | Killed Erica
  6730 | D:8      | Killed Maurice
  6764 | D:8      | Reached skill level 10 in Fighting
  7444 | D:10     | Entered Level 10 of the Dungeon
  7566 | D:10     | Noticed a hill giant
  7569 | D:10     | Noticed a red ugly thing
  7591 | D:10     | Killed a red ugly thing
  7600 | D:10     | Killed a hill giant
  7600 | D:10     | Reached skill level 5 in Shields
  7603 | D:10     | Reached XP level 11. HP: 41/73 MP: 11/11
  7619 | D:10     | Found Juigyur's Armour Shop.
  7662 | D:10     | Found a staircase to the Lair.
  7852 | D:10     | Found Torhuni's Magic Scroll Shoppe.
  7911 | D:10     | Found Bizu's Weapon Boutique.
  7949 | D:10     | Reached skill level 11 in Fighting
  8068 | D:11     | Noticed a hill giant
  8550 | D:11     | Noticed a cyclops
  8550 | D:11     | Killed a cyclops
  8792 | D:11     | Found a staircase to the Orcish Mines.
  9074 | D:11     | Reached skill level 12 in Fighting
  9217 | Orc:1    | Entered Level 1 of the Orcish Mines
  9373 | Orc:1    | Noticed an orc sorcerer
  9375 | Orc:1    | Reached XP level 12. HP: 59/81 MP: 12/12
  9678 | Orc:1    | Found a flagged portal.
  9696 | Bailey   | Entered a bailey
 10138 | Bailey   | Noticed an orc warlord
 10167 | Bailey   | Killed an orc warlord
 10327 | Bailey   | Reached XP level 13. HP: 47/87 MP: 13/13
 10473 | Orc:2    | Entered Level 2 of the Orcish Mines
 10506 | Orc:2    | Found a staircase to the Elven Halls.
 10972 | Orc:2    | Reached skill level 13 in Fighting
 11043 | Orc:2    | Found Setez's Gadget Shop.
 11044 | Orc:2    | Noticed an ogre mage
 11100 | Orc:2    | Paralysed by an ogre mage for 4 turns
 11116 | Orc:2    | Killed an ogre mage
 11132 | Orc:2    | Reached skill level 10 in Shields
 11295 | Orc:2    | Gained mutation: Your large and strong wings let you fly indefinitely. [Gargoyle growth]
 11295 | Orc:2    | Reached XP level 14. HP: 65/94 MP: 14/14
 11508 | Orc:2    | Found Niexzam's Gadget Boutique.
 11512 | Orc:2    | Found Acsepn's Antique Armour Emporium.
 11523 | Orc:2    | Found Ugalat's Gadget Boutique.
 11548 | Orc:2    | Bought a pair of glowing gloves for 231 gold pieces
 11579 | Orc:2    | Bought a wand of teleportation (5/9) for 351 gold pieces
 11919 | Lair:1   | Entered Level 1 of the Lair of Beasts
 12396 | Lair:1   | Reached skill level 14 in Fighting
 14204 | Lair:4   | Found a hole to the Spider Nest.
 14476 | Lair:4   | Found a labyrinth entrance.
 14484 | Lab      | Entered a labyrinth
 15567 | Lab      | Identified the Compendium of the Blistering Voyage
 15569 | Lab      | Got a pitted plate armour
 15580 | Lab      | Identified the cursed +0 plate armour of Peek-a-Boo {rPois Int+3 Dex+3} (You found it in a labyrinth)
 16140 | Lair:4   | Found a hide-covered altar of Uskayaw.
 16143 | Lair:4   | Found a staircase to the Swamp.
 16619 | Lair:5   | Gained mutation: Your flesh is cold resistant. (rC+) [potion of mutation]
 16619 | Lair:5   | Gained mutation: You have large cloven feet. [potion of mutation]
 16619 | Lair:5   | Gained mutation: You passively map a small area around you. [potion of mutation]
 16907 | Lair:5   | Reached skill level 15 in Fighting
 16946 | Lair:6   | Entered Level 6 of the Lair of Beasts
 16988 | Lair:6   | Noticed Nessos
 16992 | Lair:6   | Killed Nessos
 17041 | Lair:6   | Reached XP level 15. HP: 99/103 MP: 15/15
 18069 | Lair:6   | Got a fine chain mail
 18080 | Lair:6   | Identified the cursed +1 chain mail "Symunt Hade" {-Cast rPois MR+ Int+4} (You found it on level 6 of the Lair of Beasts)
 18207 | Lair:6   | Reached skill level 15 in Shields
 18269 | Lair:6   | Got a wavering jade amulet
 18271 | Lair:6   | Identified the amulet "Loyxyap" {rC+ Regen+ Int+4} (You found it on level 6 of the Lair of Beasts)
 18660 | Lair:6   | Gained mutation: You passively map the area around you. [potion of beneficial mutation]
 18799 | Lair:6   | Found a viscous altar of Jiyva.
 18799 | Lair:6   | Found a staircase to the Slime Pits.
 18922 | Swamp:1  | Entered Level 1 of the Swamp
 18997 | Swamp:1  | Found a basalt altar of Yredelemnul.
 19151 | Swamp:1  | Reached skill level 16 in Fighting
 19625 | Swamp:1  | Bought the +2 hat of the Bear Spirit {Spirit, +Rage rN+ MR++} for 664 gold pieces
 19746 | Swamp:1  | Bought a crystal flail for 314 gold pieces
 19747 | Swamp:1  | Identified the +6 flail of a treasure trove {pain, rPois rN+ MR++} (You bought it in a shop on level 1 of the Swamp)
 19796 | Swamp:2  | Reached skill level 1 in Evocations
 19888 | Swamp:2  | Noticed Jorgrun
 19937 | Swamp:2  | Killed Jorgrun
 20195 | Swamp:2  | Noticed a thorn hunter
 20199 | Swamp:2  | Reached XP level 16. HP: 93/110 MP: 13/17
 20221 | Swamp:2  | Killed a thorn hunter
 20750 | Swamp:3  | Noticed a thorn hunter
 20771 | Swamp:3  | Killed a thorn hunter
 21018 | Swamp:3  | Found a hide-covered altar of Uskayaw.
 21358 | Swamp:4  | Entered Level 4 of the Swamp
 21730 | Swamp:4  | Noticed a bone dragon
 21792 | Swamp:4  | Killed a bone dragon
 22034 | Swamp:4  | Got a decaying rune of Zot
 22306 | Swamp:4  | Reached skill level 5 in Evocations
 22324 | Swamp:4  | Noticed Kirke
 22353 | Swamp:4  | Killed Kirke
 22375 | Swamp:4  | Noticed a thorn hunter
 22390 | Swamp:4  | Killed a thorn hunter
 22530 | Swamp:4  | Noticed Mara
 22542 | Swamp:4  | Noticed theAP's illusion
 22749 | Swamp:3  | Reached skill level 17 in Fighting
 23005 | Elf:1    | Entered Level 1 of the Elven Halls
 23217 | Elf:1    | Reached skill level 10 in Armour
 23261 | Elf:1    | Reached XP level 17. HP: 116/117 MP: 21/21
 23672 | Elf:1    | Reached skill level 1 in Dodging
 23699 | Elf:1    | Identified Dawkuf's Compendium of Sinister Arts
 23724 | Elf:1    | Found Ziwuuwn's Gadget Emporium.
 23725 | Elf:1    | Found Dapejar's Jewellery Shop.
 23726 | Elf:1    | Found Deqiru Cuclu's Gadget Emporium.
 23734 | Elf:1    | Bought the amulet of Dithmenos's Generosity {Reflect MR- Str+2 Int+3 Dex+6 SH+5} for 559 gold pieces
 23738 | Elf:1    | Bought a wand of hasting (5/9) for 972 gold pieces
 24158 | Elf:2    | Found a runed gate.
 24163 | Elf:2    | Found a runed gate.
 24166 | Elf:2    | Found a runed gate.
 25054 | Elf:2    | Reached skill level 18 in Fighting
 25288 | Elf:2    | Reached XP level 18. HP: 121/125 MP: 24/24
 25379 | Elf:2    | Reached skill level 5 in Dodging
 25623 | Elf:3    | Entered Level 3 of the Elven Halls
 25623 | Elf:3    | Noticed Asterion
 25650 | Elf:2    | Gained mutation: Your spells are a little easier to cast, but a little less powerful. [a cacodemon]
 25655 | Elf:2    | Killed Asterion
 25923 | Elf:3    | Noticed a deep elf blademaster
 25951 | Elf:3    | Killed a deep elf blademaster
 25962 | Elf:3    | Noticed a Hell Sentinel
 25999 | Elf:3    | Noticed a Hell Sentinel
 26350 | Elf:3    | Noticed a deep elf master archer
 26369 | Elf:3    | Killed a deep elf master archer
 26432 | Elf:3    | Noticed a Hell Sentinel
 26559 | Elf:3    | Noticed a deep elf master archer
 26656 | Elf:3    | Identified Sif Muna's Disquisition on Creative Attacks
 26661 | Elf:3    | Noticed a deep elf blademaster
 26674 | Elf:3    | Killed a deep elf blademaster
 26764 | Elf:3    | Killed a deep elf master archer
 27015 | Elf:3    | Found Caleysm's Book Shop.
 27576 | Spider:1 | Entered Level 1 of the Spider Nest
 27777 | Spider:1 | Reached XP level 19. HP: 121/132 MP: 23/26
 28156 | Spider:1 | Reached skill level 10 in Evocations
 28323 | Spider:1 | Reached skill level 19 in Fighting
 30136 | Spider:3 | Noticed HEYYEYAAE's ghost (adept DrIE)
 30416 | Spider:3 | Killed HEYYEYAAE's ghost
 30776 | Spider:3 | Got an encrusted whip
 30777 | Spider:3 | Identified the +6 whip of the Hummingbird {slash, rPois rC+} (You found it on level 3 of the Spider Nest)
 31101 | Spider:3 | HP: 6/133 [entropy weaver (7)]
 31101 | Spider:3 | Slain by an entropy weaver

Skill      XL: |  1  2  3  4  5  6  7  8  9 10 11 12 13 14 15 16 17 18 19 |
---------------+----------------------------------------------------------+-----
Fighting       | 4 5 6 7 9 10 12 13 15 16 17 18 19 | 19.3
Maces & Flails | 3 4 5 7 9 11 12 13 14 | 14.9
Shields        | 5 8 9 10 13 16 17 | 17.7
Armour         | 9 10 11 13 | 13.8
Evocations     | 2 5 8 9 10 | 10.7
Dodging        | 4 7 8 |  8.3

Action                   |  1- 3 |  4- 6 |  7- 9 | 10-12 | 13-15 | 16-18 | 19-21 || total
-------------------------+-------+-------+-------+-------+-------+-------+-------++-------
Melee: Flail             |   143 |   319 |   514 |   941 |  1979 |  1912 |   944 ||  6752
       Whip              |       |       |       |       |       |       |    37 ||    37
Invok: Call Merchant     |       |       |     1 |       |     3 |     1 |       ||     5
       Potion Petition   |       |       |       |     1 |     2 |     2 |       ||     5
 Abil: Fly               |       |       |       |       |     1 |       |       ||     1
Evoke: Wand              |       |       |     3 |     3 |     2 |     2 |     1 ||    11
  Use: Scroll            |     4 |     9 |     9 |    11 |    11 |    10 |     1 ||    55
       Potion            |       |       |     5 |     4 |    11 |     7 |     1 ||    28
 Stab: Distracted        |       |       |       |     4 |    15 |     6 |     5 ||    30
       Confused          |       |       |       |       |     1 |       |       ||     1
       Held in net/web   |       |       |       |       |       |       |     2 ||     2
  Eat: Chunk             |       |     5 |     4 |       |       |       |       ||     9
       Pizza             |       |     1 |     1 |       |     1 |     1 |       ||     4
       Beef jerky        |       |       |     2 |       |       |       |       ||     2
       Meat ration       |       |       |     1 |       |     1 |     5 |     2 ||     9
       Royal jelly       |       |       |       |     3 |    10 |     1 |       ||    14
       Fruit             |       |       |       |    11 |    10 |     2 |       ||    23
Armor: Scale mail        |    22 |       |       |       |       |       |       ||    22
       Plate armour      |    94 |   250 |   242 |   214 |   817 |   747 |   426 ||  2790
Dodge: Dodged            |    34 |    42 |    51 |    62 |   307 |   462 |   712 ||  1670
Block: Shield            |    88 |   224 |   450 |     8 |       |       |       ||   770
       Reflection        |       |       |    15 |    20 |    13 |    96 |     2 ||   146
       Large shield      |       |       |       |   818 |  2155 |  1855 |  1669 ||  6497
